 Dungeon Crawl Stone Soup version 0.24-a0-613-g1ff6aac338 (webtiles) character file.

Game seed: 2836434242153681116, levelgen mode: deterministic

33442 Gebura the Eclecticist (level 13, 0/63 HPs)
             Began as a Deep Elf Fire Elementalist on Sept 10, 2019.
             Was an Elder of Vehumet.
             Slain by a spiny frog (20 damage)
             ... on level 6 of the Lair of Beasts.
             The game lasted 01:56:44 (23565 turns).

Gebura the Eclecticist (DEFE)                      Turns: 23565, Time: 01:56:45

Health: 0/63       AC:  6    Str:  5    XL:     13   Next: 36%
Magic:  7/34       EV: 19    Int: 32    God:    Vehumet [****..]
Gold:   831        SH:  0    Dex: 15    Spells: 27/43 levels left

rFire    . . .     SeeInvis .   R - staff of energy
rCold    + . .     Gourm    .   (no shield)
rNeg     . . .     Faith    .   M - +2 robe {MR+}
rPois    .         Spirit   .   e - +0 helmet
rElec    .         Reflect  .   S - +0 cloak
rCorr    .         Harm     .   (no gloves)
MR       ++...                  (no boots)
Stlth    ++........             (no amulet)
HPRegen  0.20/turn              l - ring of protection from cold
MPRegen  0.24/turn              r - +6 ring of intelligence

@: about to teleport, studying Throwing
A: no striking features
a: Renounce Religion


You were on level 6 of the Lair of Beasts.
You worshipped Vehumet.
Vehumet was greatly pleased with you.
You were not hungry.

You visited 3 branches of the dungeon, and saw 17 of its levels.
You also visited: Ice Cave.

You collected 831 gold pieces.

Inventory:

Missiles
 k - 96 poisoned darts
 y - a throwing net
 T - 14 curare-tipped darts (quivered)
Armour
 e - a +0 helmet (worn)
 v - a +2 robe of positive energy
 K - a +2 robe of cold resistance
 M - a +2 robe of magic resistance (worn)
 S - a +0 cloak (worn)
Magical Staves
 R - an uncursed staff of energy (weapon)
Jewellery
 l - a ring of protection from cold (left hand)
 o - an uncursed ring of fire
 r - a +6 ring of intelligence (right hand)
 F - an uncursed ring of flight
 G - an uncursed ring of protection from magic
 P - an uncursed ring of resist corrosion
Wands
 a - a wand of paralysis (12)
 L - a wand of clouds (5)
 O - a wand of iceblast (7)
 Q - a wand of disintegration (28)
Scrolls
 d - 7 scrolls of teleportation
 f - 11 scrolls of remove curse {unknown}
 h - a scroll of random uselessness {unknown}
 m - 2 scrolls of identify
 p - 3 scrolls of fog {unknown}
 q - 2 scrolls of magic mapping {unknown}
 t - 2 scrolls of enchant weapon {unknown}
 z - 2 scrolls of immolation {unknown}
 B - 2 scrolls of amnesia {unknown}
 C - 2 scrolls of fear {unknown}
 E - 4 scrolls of blinking {unknown}
 N - a scroll of enchant armour {unknown}
 V - a scroll of vulnerability {unknown}
 Y - a scroll of silence {unknown}
Potions
 b - 3 potions of heal wounds
 g - 7 potions of might
 i - a potion of berserk rage {unknown}
 j - 4 potions of agility
 n - a potion of degeneration {unknown}
 s - 2 potions of haste
 u - 2 potions of mutation
 w - a potion of resistance
 x - 2 potions of curing
 A - a potion of ambrosia
 D - 3 potions of flight
 H - 3 potions of lignification
 I - a potion of cancellation {unknown}
 X - a potion of brilliance {unknown}
Books
 J - a manual of Throwing
Miscellaneous
 U - a crystal ball of energy
 W - a fan of gales
Comestibles
 c - 26 rations


   Skills:
 - Level 10.3 Dodging
 - Level 2.4 Stealth
 + Level 15.7 Spellcasting
 + Level 13.3 Conjurations
 + Level 13.6 Fire Magic


You had 27 spell levels left.
You knew the following spells:

 Your Spells              Type           Power        Failure   Level  Hunger
a - Flame Tongue          Conj/Fire      #####        0%          1    None
b - Sticky Flame          Conj/Fire      #######.     1%          4    None
c - Fireball              Conj/Fire      #######...   1%          5    None
d - Sticks to Snakes      Tmut           ####....     2%          2    None
e - Iskenderun's Mystic   Conj           #######.     1%          4    None

Your spell library contained the following spells:

 Spells                   Type           Power        Failure   Level  Hunger
 Throw Icicle             Conj/Ice       ######..     1%          4    None
 Throw Flame              Conj/Fire      ######       0%          2    None
 Conjure Flame            Conj/Fire      #######.     0%          3    None
 Animate Skeleton         Necr           N/A          1%          1    None
 Apportation              Tloc           ####..       1%          1    None
 Beastly Appendage        Tmut           ####..       1%          1    None
 Confusing Touch          Hex            ####..       1%          1    None
 Summon Small Mammal      Summ           ####         1%          1    None
 Inner Flame              Hex/Fire       ######..     1%          3    None
 Spider Form              Tmut/Pois      ####......   4%          3    None
 Ice Form                 Ice/Tmut       ####....     17%         4    None
 Blade Hands              Tmut           ####......   43%         5    None


Dungeon Overview and Level Annotations

Branches:
Dungeon (10/15)            Temple (1/1) D:4            Lair (6/6) D:9
  Swamp (0/4) Lair:4       Spider (0/4) Lair:3          Orc (0/2) D:9
  IceCv (visited)
  Slime: Lair:5-6

Altars:
Ashenzari
Cheibriados
Dithmenos
Elyvilon
Fedhas
Gozag
Hepliaklqana
Kikubaaqudgha
Makhleb
Nemelex Xobeh
Okawaru
Qazlal
Sif Muna
Trog
Uskayaw
Vehumet
Wu Jian
Xom
Yredelemnul
Zin
The Shining One

Shops:
D:6 }

Annotations:
D:3 3 runed translucent doors, Execuda's ghost, amateur MiWz
D:4 exclusion: downstairs
D:5 Sigmund
Lair:1 exclusion: 2 oklob plants
Lair:3 1 runed translucent door, exclusion: downstairs, Viasus's ghost, journeyman GnAr


Message History

A spiny frog comes into view.
The black mamba completely misses you.
The spiny frog gives a loud, deep croak!
As you read the scroll of teleportation, it crumbles to dust.
You feel strangely unstable. The black mamba completely misses you.
The vampire mosquito completely misses you.
The spiny frog barely misses you. The black mamba bites you!
The vampire mosquito barely misses you.
You feel much better. The vampire mosquito misses you.
The black mamba barely misses you. The spiny frog stings you!!
You are poisoned.
The spiny frog poisons you! The black mamba bites you!
The vampire mosquito bites you!
* * * LOW HITPOINT WARNING * * *
The vampire mosquito draws strength from your injuries!
The spiny frog stings you but does no damage.
You feel better. The vampire mosquito bites you.
The vampire mosquito draws strength from your injuries!
The black mamba misses you. The spiny frog stings you!!
You die...

# #. ## #.. .#
... #. .P ##.#
# #.#..#..#..
#.F@.......
......yS.......
..#.P#.P.#.##..
....P#..P.##
... .......###
.. ........≈. .
......≈..≈
##.......≈≈
##.....≈≈≈


You could see a black mamba, a spiny frog and a vampire mosquito.

Vanquished Creatures
  2 hydras
  Harold (D:7)
  7 death yaks
  Sonja (Lair:1)
  Pikel (D:9)
  An ice statue (IceCv)
  4 rime drakes
  9 spiny frogs
  5 komodo dragons
  A hornet (Lair:3)
  10 polar bears (IceCv)
  A tyrant leech (Lair:4)
  11 blink frogs
  A troll (D:9)
  Prince Ribbit (D:9)
  6 hippogriffs
  30 yaks
  A basilisk (Lair:1)
  Grum (D:9)
  5 water moccasins
  2 porcupines
  4 ice beasts
  3 orc warriors
  A phantom (D:8)
  A slave (D:9)
  A necrophage (D:10)
  3 sky beasts
  4 ogres
  A black bear (D:8)
  29 wolves
  3 centaurs
  13 crocodiles
  A big kobold (D:9)
  Blork the orc (D:4)
  11 bullfrogs
  A water moccasin skeleton (D:6)
  5 scorpions
  15 killer bees (D:10)
  4 wights (D:10)
  2 howler monkeys
  9 electric eels
  A centaur zombie (D:10)
  2 bullfrog zombies
  A quasit (D:9)
  A centaur skeleton (D:8)
  6 hounds
  12 orc priests
  A bullfrog skeleton (D:6)
  4 jellies (D:8)
  Jessica (D:3)
  Terence (D:3)
  3 iguanas
  Natasha (thrice) (D:2)
  10 orc wizards
  7 hell rats (Lair:2)
  6 worker ants
  A hound zombie (D:5)
  3 hound skeletons
  A howler monkey zombie (D:6)
  A worker ant zombie (D:5)
  16 adders
  5 river rats (D:5)
  3 shadow imps
  7 oozes
  An adder skeleton (D:4)
  4 worms
  3 dart slugs
  9 leopard geckos
  38 orcs
  9 giant cockroaches
  8 goblins
  8 hobgoblins
  3 jackals (D:2)
  13 quokkas
  6 ball pythons
  A ball python skeleton (D:5)
  7 bats
  9 frilled lizards
  A jackal skeleton (D:7)
  14 kobolds
  A quokka skeleton (D:4)
  19 rats
  A bush (Lair:3)
  5 fungi
  2 plants (Lair:3)
471 creatures vanquished.

Vanquished Creatures (others)
  5 polar bears (IceCv)
  A slave (D:9)
  7 fungi
  22 plants
35 creatures vanquished.

Grand Total: 506 creatures vanquished

Notes
Turn   | Place    | Note
-------+----------+-------------------------------------------
     0 | D:1      | Gebura the Deep Elf Fire Elementalist began the quest for
                  | the Orb.
     0 | D:1      | Reached XP level 1. HP: 10/10 MP: 6/6
    97 | D:1      | Reached XP level 2. HP: 15/15 MP: 1/8
   748 | D:1      | Reached XP level 3. HP: 19/19 MP: 7/10
  1707 | D:2      | Noticed Natasha
  1845 | D:2      | Reached skill level 4 in Spellcasting
  1845 | D:2      | Reached XP level 4. HP: 24/24 MP: 9/12
  1944 | D:2      | Learned a level 4 spell: Sticky Flame
  2193 | D:3      | Found a bloodstained altar of Trog.
  2195 | D:3      | Found an ancient bone altar of Kikubaaqudgha.
  2209 | D:3      | Found a white marble altar of Elyvilon.
  2361 | D:3      | Noticed Terence
  2423 | D:3      | Killed Terence
  2460 | D:3      | Found a runed translucent gate.
  2460 | D:3      | Found a runed translucent gate.
  2460 | D:3      | Found a runed translucent gate.
  2505 | D:3      | Noticed Jessica
  2512 | D:3      | Killed Jessica
  2512 | D:3      | Reached XP level 5. HP: 28/28 MP: 9/13
  2719 | D:3      | Found a faded altar of an unknown god.
  3073 | D:3      | Found a glowing golden altar of the Shining One.
  3075 | D:3      | Found a shattered altar of Ashenzari.
  3356 | D:3      | Noticed Execuda's ghost (amateur MiWz)
  3397 | D:3      | Found a shimmering altar of Xom.
  3399 | D:3      | Found a shimmering blue altar of Sif Muna.
  3649 | D:4      | Learned a level 5 spell: Fireball
  3708 | D:4      | Reached skill level 5 in Spellcasting
  3708 | D:4      | Reached XP level 6. HP: 32/32 MP: 1/15
  3878 | D:4      | Noticed Blork the orc
  3937 | D:4      | Found a staircase to the Ecumenical Temple.
  3946 | Temple   | Entered the Ecumenical Temple
  4132 | D:4      | Killed Blork the orc
  4425 | D:4      | Reached skill level 5 in Fire Magic
  4655 | D:4      | Reached skill level 5 in Dodging
  4655 | D:4      | Reached XP level 7. HP: 36/36 MP: 11/17
  5045 | D:2      | Killed Natasha
  5070 | D:2      | Noticed Natasha
  5073 | D:2      | Killed Natasha
  5209 | D:2      | Noticed Natasha
  5214 | D:2      | Killed Natasha
  5214 | D:2      | Reached skill level 6 in Spellcasting
  5708 | D:5      | Entered Level 5 of the Dungeon
  5718 | D:5      | Noticed Sigmund
  5988 | D:5      | Found an opulent altar of Gozag.
  6836 | D:5      | Reached skill level 5 in Conjurations
  6836 | D:5      | Reached XP level 8. HP: 41/41 MP: 16/20
  6881 | D:5      | Reached skill level 7 in Spellcasting
  7420 | D:6      | Found Zishrebi's Gadget Shoppe.
  8042 | D:7      | Reached skill level 8 in Spellcasting
  8413 | D:8      | Reached XP level 9. HP: 40/45 MP: 13/23
  8926 | D:8      | Reached skill level 9 in Spellcasting
  9538 | D:10     | Entered Level 10 of the Dungeon
  9735 | D:7      | Found a stormy altar of Qazlal.
  9955 | D:6      | Found a radiant altar of Vehumet.
 10168 | D:6      | Became a worshipper of Vehumet
 10961 | D:7      | Noticed Harold
 11124 | D:8      | Reached skill level 10 in Spellcasting
 11197 | D:8      | Reached XP level 10. HP: 50/50 MP: 16/26
 11610 | D:9      | Noticed Grum
 11614 | D:9      | Killed Grum
 11799 | D:9      | Learned a level 2 spell: Sticks to Snakes
 11807 | D:9      | Found a staircase to the Orcish Mines.
 11810 | D:9      | Noticed Pikel
 11818 | D:9      | Killed Pikel
 12058 | D:9      | Noticed Prince Ribbit
 12062 | D:9      | Killed Prince Ribbit
 12153 | D:9      | Reached * piety under Vehumet
 12153 | D:9      | Offered knowledge of Sting by Vehumet.
 12589 | D:9      | Reached skill level 10 in Dodging
 12820 | D:9      | Found a staircase to the Lair.
 12908 | D:9      | Reached skill level 11 in Spellcasting
 13475 | D:10     | Offered knowledge of Sandblast by Vehumet.
 13749 | D:10     | Reached ** piety under Vehumet
 13750 | D:10     | Found a shadowy altar of Dithmenos.
 14000 | D:10     | Reached XP level 11. HP: 54/54 MP: 12/28
 14004 | D:10     | Reached skill level 10 in Fire Magic
 15138 | D:10     | Offered knowledge of Ignite Poison by Vehumet.
 15405 | D:7      | Killed Harold
 15405 | D:7      | Reached skill level 12 in Spellcasting
 15405 | D:7      | Reached skill level 10 in Conjurations
 15796 | Lair:1   | Entered Level 1 of the Lair of Beasts
 16107 | Lair:1   | Found a frozen archway.
 16157 | IceCv    | Entered an ice cave
 17068 | IceCv    | Reached skill level 13 in Spellcasting
 17313 | IceCv    | Noticed a death yak
 17313 | IceCv    | Noticed a death yak
 17319 | IceCv    | Killed a death yak
 17328 | IceCv    | Killed a death yak
 17328 | IceCv    | Reached XP level 12. HP: 59/59 MP: 0/31
 17546 | IceCv    | Reached *** piety under Vehumet
 18316 | IceCv    | Noticed a death yak
 18316 | IceCv    | Noticed a frost giant
 18682 | Lair:1   | Reached skill level 14 in Spellcasting
 18759 | Lair:1   | Noticed Sonja
 18767 | Lair:1   | Killed Sonja
 19155 | Lair:1   | Offered knowledge of Iskenderun's Mystic Blast by Vehumet.
 19161 | Lair:1   | Learned a level 4 spell: Iskenderun's Mystic Blast
 20477 | Lair:2   | Reached **** piety under Vehumet
 20966 | Lair:3   | Noticed a death yak
 21085 | Lair:3   | Noticed a six-headed hydra
 21088 | Lair:3   | Killed a six-headed hydra
 21119 | Lair:3   | Paralysed by a hornet for 2 turns
 21121 | Lair:3   | Noticed a death yak
 21122 | Lair:3   | Noticed a death yak
 21381 | Lair:3   | Offered knowledge of Throw Icicle by Vehumet.
 21382 | Lair:3   | Reached skill level 15 in Spellcasting
 21387 | Lair:3   | Noticed a death yak
 21389 | Lair:3   | Killed a death yak
 21389 | Lair:3   | Noticed a death yak
 21390 | Lair:3   | Killed a death yak
 21390 | Lair:3   | Reached XP level 13. HP: 63/63 MP: 10/34
 21860 | Lair:3   | Found a hole to the Spider Nest.
 22744 | Lair:3   | Found a runed translucent door.
 22746 | Lair:3   | Noticed Viasus's ghost (journeyman GnAr)
 23172 | Lair:4   | Found a staircase to the Swamp.
 23448 | Lair:6   | Entered Level 6 of the Lair of Beasts
 23565 | Lair:6   | Slain by a spiny frog

Levels and vault maps discovered:
D:1:      lightli_arrival_lavapool, layout_basic
D:2:      layout_loops_corners, minmay_domino_2, uniq_natasha
D:3:      layout_basic, nicolae_overflow_hidden_temple,
          gammafunk_temple_overflow_forgotten, chequers_ecumenical_altar_grove,
          gammafunk_ghost_icy, first_ration, uniq_jessica, uniq_terence
D:4:      layout_rooms, minmay_temple_entry_stoned_glass, chequers_mini_garden,
          solitary_fountain, kennysheep_generic_room_11, uniq_blork_the_orc
D:5:      lemuel_ratsnest, layout_basic,
          nicolae_gozag_cash_rules_everything_around_me, serial_corexii_hall,
          chequers_hall_statues_wall_a, chequers_hall_statues_wall_a,
          hex_intersection, uniq_sigmund
D:6:      layout_basic, vehumet_crystals, serial_shops, nicolae_shop_waterfront,
          minmay_manual_mullet
D:7:      layout_basic, basic_altar, kennysheep_generic_room_10, uniq_harold
D:8:      layout_cave_pools, lemuel_coloured_pillars_altar,
          hangedman_little_slice_of_home, hex_tiny, minmay_joined_circles,
          uniq_maurice
D:9:      layout_gridville, erik_lair_island, orc_0_dummy, uniq_grum,
          uniq_pikel, uniq_prince_ribbit1
D:10:     layout_basic, grunt_dithmenos_smoke
Temple:   minmay_temple_bridge_abc
Lair:1:   layout_cave_pods, portal_ice_cave_rime, grunt_megastairs_1,
          minmay_lair_oklob_chamber, uniq_sonja
Lair:2:   layout_chaotic_city, grunt_megastairs_2
Lair:3:   layout_layer_cave, nicolae_spider_entry_non_spiders,
          ebering_ghost_reflecting_pool, serial_bayou_pond_c,
          grunt_megastairs_4, serial_bayou_shore_b, infiniplex_staircase_pool_2
Lair:4:   layout_gridlike, minmay_swamp_entry_worms, patterned_corridor
Lair:5:   layout_regular_city, minivault_24, minmay_hedge_maze
Lair:6:   minmay_lair_end_frog_pond, layout_loops_ring, slime_altar_1,
          ebering_ghost_disaster_area, lemuel_fruit_tree

Skill      XL: |  1  2  3  4  5  6  7  8  9 10 11 12 13 |
---------------+----------------------------------------+-----
Dodging        | 3 4 5 6 7 9 10 | 10.3
Conjurations   | 2 3 4 5 6 7 9 11 12 13 | 13.3
Spellcasting   | 4 5 6 8 10 11 13 15 | 15.7
Fire Magic     | 4 5 6 7 8 9 11 13 | 13.6
Stealth        | |  2.4

Action                   |  1- 3 |  4- 6 |  7- 9 | 10-12 | 13-15 || total
-------------------------+-------+-------+-------+-------+-------++-------
Melee: Dagger            |     5 |     5 |    26 |    66 |       ||   102
       Staff             |       |       |       |       |     5 ||     5
Throw: Dart              |       |     3 |     4 |       |       ||     7
 Cast: Flame Tongue      |    62 |   100 |   269 |    52 |     2 ||   485
       Sticky Flame      |       |     4 |    40 |    38 |     9 ||    91
       Fireball          |       |       |     7 |   220 |    59 ||   286
Evoke: Wand              |       |       |       |     1 |       ||     1
  Use: Scroll            |       |     5 |     3 |     4 |     6 ||    18
       Potion            |       |       |     1 |     2 |     3 ||     6
 Stab: Sleeping          |       |     4 |     2 |       |       ||     6
       Distracted        |       |     1 |       |       |       ||     1
  Eat: Chunk             |     3 |     9 |    18 |    27 |     7 ||    64
       Ration            |       |       |     1 |     3 |       ||     4
Armor: Robe              |     1 |    20 |    35 |    37 |     5 ||    98
Dodge: Dodged            |    24 |    63 |   149 |   196 |    39 ||   471

Table legend:
 A = Non-vault XP
 B = Vault XP
 C = Vault XP percentage of total XP
 D = Non-vault monster count
 E = Vault monster count
 F = Vault count percentage of total count
                 A         B        C        D         E       F
            +---------+---------+-------+---------+---------+-------
      Total |   26259 |   21516 |  45.0 |     325 |     137 |  29.7
            +---------+---------+-------+---------+---------+-------
        D:1 |      46 |       0 |   0.0 |      19 |       0 |   0.0
        D:2 |     210 |      37 |  15.0 |      39 |       2 |   4.9
        D:3 |      61 |      73 |  54.5 |      23 |       2 |   8.0
        D:4 |     393 |     137 |  25.8 |      23 |       2 |   8.0
        D:5 |     614 |     165 |  21.2 |      18 |      27 |  60.0
        D:6 |     667 |     438 |  39.6 |      18 |       7 |  28.0
        D:7 |     380 |    1053 |  73.5 |      16 |       3 |  15.8
        D:8 |    2140 |     351 |  14.1 |      29 |      13 |  31.0
        D:9 |    1510 |    2266 |  60.0 |      26 |      13 |  33.3
       D:10 |    3834 |       0 |   0.0 |      46 |       0 |   0.0
     Lair:1 |    3631 |    1658 |  31.3 |      15 |       4 |  21.1
     Lair:2 |    3254 |    1211 |  27.1 |      15 |       9 |  37.5
     Lair:3 |    5485 |    4191 |  43.3 |      21 |      13 |  38.2
     Lair:4 |    2824 |     297 |   9.5 |      10 |       1 |   9.1
     Lair:5 |    1210 |       0 |   0.0 |       7 |       0 |   0.0
     Lair:6 |       0 |    1041 | 100.0 |       0 |       6 | 100.0
      IceCv |       0 |    8598 | 100.0 |       0 |      35 | 100.0
            +---------+---------+-------+---------+---------+-------
